Map: Battle on the Boardwalk LE

Players

Infidel - Winner!

  • Race: Zerg Zerg
  • League: Diamond
  • Spawn Location: 11:00

Juxtapose

  • Race: Protoss Protoss
  • League: Platinum
  • Spawn Location: 1:00

VOD

https://youtu.be/IXn3h9Kvl8Q

Description

Well this was interesting, my opponent was in Diamond League Tier 1. Given that disparity in Leagues, I think I did not too bad considering I've always found Protoss vs Zerg to be a hard match up.

Interestingly I was thinking of going for High Templars for Psionic Storm and Archons, but without being able to scount my opponent I blindly assumed the more traditional mass Hydralisk composition, and so my opponent was able to catch me with my pants down.

Time

  • Played on: Jan. 9, 2018, 7:04 p.m.
  • Length: 12:17
Show
View Real Time Build Order
Export as new Build Order

Infidel Zerg - Winner!

Build Orders: Pool First 

Get SALT Encoding   

  12  0:01  Drone  
  13  0:08  Drone  
  14  0:18  Drone, Extractor  
  14  0:32  Spawning Pool  
  13  0:36  Drone  
  14  0:45  Drone, Extractor  
  15  0:51  Overlord  
  15  1:19  Zergling x2  
  15  1:20  Zergling x4  
  15  1:21  Queen  
  20  1:26  Metabolic Boost  
  20  1:32  Zergling x2  
  21  1:45  Zergling x2  
  22  1:56  Overlord  
  22  2:08  Hatchery  
  21  2:23  Drone x2  
  21  2:29  Queen  
  22  2:31  Drone  
  25  2:43  Drone  
  25  2:44  Drone x2  
  27  2:58  Drone x2  
  28  3:14  Drone  
  29  3:22  Hatchery  
  29  3:25  Drone x5  
  33  3:42  Drone x3  
  36  3:52  Overlord x2  
  36  4:07  Overlord x2  
  36  4:08  Lair  
  36  4:10  Extractor  
  36  4:12  Extractor  
  36  4:15  Drone x5  
  38  4:28  Drone x7  
  45  4:37  Queen  
  47  4:43  Extractor  
  47  4:44  Drone x3  
  48  4:53  Queen  
  48  4:55  Spine Crawler  
  49  5:06  Evolution Chamber  
  49  5:07  Evolution Chamber  
  47  5:08  Spire  
  46  5:24  Queen x2  
  50  5:36  Spore Crawler  
  50  5:38  Spore Crawler  
  50  5:39  Drone x8  
  56  5:50  Zerg Melee Weapons Level 1, Zerg Ground Armor Level 1  
  56  5:57  Extractor  
  56  5:59  Extractor  
  56  6:00  Drone x4  
  58  6:17  Overlord  
  58  6:18  Overlord  
  58  6:21  Zerg Flyer Weapons Level 1  
  58  6:25  Overseer  
  58  6:26  Pneumatized Carapace  
  58  6:28  Spore Crawler  
  58  6:31  Spine Crawler  
  56  6:33  Spine Crawler  
  56  6:36  Mutalisk x2  
  56  6:37  Spine Crawler, Mutalisk  
  60  7:02  Mutalisk x2  
  60  7:03  Mutalisk x4  
  72  7:12  Drone x2  
  72  7:13  Drone x5  
  79  7:18  Drone x2  
  79  7:19  Drone  
  82  7:41  Hatchery  
  81  7:46  Overlord x4  
  81  8:04  Mutalisk x4  
  81  8:05  Mutalisk x2  
  91  8:15  Zerg Melee Weapons Level 2, Zerg Ground Armor Level 2  
  91  8:30  Mutalisk x2  
  91  8:31  Mutalisk x2  
  99  8:37  Mutalisk  
  101  9:05  Queen  
  101  9:07  Drone x17  
  101  9:08  Drone x2  
  122  9:16  Zerg Flyer Weapons Level 2  
  122  9:18  Extractor  
  122  9:19  Infestation Pit  
  122  9:22  Extractor  
  119  9:25  Overlord x2  
  119  9:50  Mutalisk  
  119  9:51  Mutalisk x8  
  133  10:30  Overlord  
  133  10:31  Overlord x13  
  133  10:45  Spine Crawler x2  
  133  10:47  Spine Crawler x3  
  133  10:48  Spine Crawler x2  
  126  10:50  Spine Crawler x2  
  126  10:52  Spine Crawler  
  122  10:58  Spine Crawler  
  122  10:59  Spine Crawler  
  122  11:01  Spine Crawler  
  122  11:02  Spine Crawler  
  117  11:09  Mutalisk x6  
  129  11:12  Mutalisk  
  128  11:32  Mutalisk x5  
  128  11:33  Mutalisk  
Show
View Real Time Build Order
Export as new Build Order

Juxtapose Protoss 

Build Orders:  

Get SALT Encoding   

  12  0:01  Probe  
  13  0:13  Probe  
  14  0:22  Pylon  
  14  0:25  Probe  
  15  0:40  Probe  
  16  0:44  Gateway  
  16  0:52  Probe, Assimilator  
  17  1:01  Assimilator  
  17  1:04  Probe  
  18  1:14  Pylon  
  18  1:16  Probe  
  19  1:29  Probe  
  20  1:39  Cybernetics Core  
  20  1:41  Probe  
  20  1:43  Zealot (Chrono Boost)  
  23  1:53  Probe  
  24  2:07  Gateway  
  23  2:10  Pylon  
  23  2:15  Zealot (Chrono Boost)  
  25  2:38  Zealot (Chrono Boost)  
  23  2:57  Probe  
  23  2:58  Zealot  
  25  3:09  Probe  
  25  3:11  Shield Battery  
  26  3:22  Zealot  
  28  3:28  Twilight Council  
  28  3:37  Forge  
  28  3:41  Probe, Pylon  
  28  3:52  Zealot x2 (Chrono Boost)  
  28  3:53  Probe  
  32  4:03  Charge (Chrono Boost)  
  32  4:05  Probe  
  33  4:12  Photon Cannon  
  33  4:17  Probe  
  32  4:29  Probe  
  33  4:46  Nexus  
  33  5:12  Robotics Facility  
  33  5:13  Stalker  
  35  5:16  Stalker  
  38  5:21  Probe  
  37  5:43  Sentry  
  37  5:46  Sentry  
  37  5:48  Probe  
  42  6:00  Probe, Observer  
  42  6:03  Pylon  
  44  6:07  Pylon  
  44  6:08  Probe  
  45  6:12  Probe  
  45  6:15  Robotics Bay  
  46  6:20  Probe, Pylon  
  47  6:34  Probe x2  
  47  6:39  Photon Cannon  
  49  6:46  Probe x2  
  50  7:02  Observer  
  50  7:03  Extended Thermal Lance  
  51  7:08  Warp Gate (Chrono Boost)  
  51  7:12  Probe (Chrono Boost)  
  51  7:13  Probe (Chrono Boost)  
  53  7:16  Stalker  
  55  7:22  Colossus  
  55  7:25  Probe x2 (Chrono Boost)  
  55  7:28  Pylon  
  63  7:30  Shield Battery  
  63  7:31  Probe x2 (Chrono Boost)  
  65  7:39  Probe x2  
  67  7:51  Probe x2  
  69  7:53  Gateway  
  69  8:09  Stargate  
  69  8:14  Stalker x2 (Chrono Boost)  
  69  8:16  Colossus  
  69  8:18  Photon Cannon  
  79  8:21  Assimilator  
  79  8:24  Assimilator  
  79  8:32  Probe x2  
  81  8:40  Stalker x2 (Chrono Boost)  
  84  8:44  Probe x2, Stalker (Chrono Boost)  
  88  8:56  Phoenix  
  90  9:21  Phoenix  
  92  9:26  Nexus  
  92  9:42  Probe  
  83  9:53  Phoenix  
  76  10:02  Probe  
  61  10:08  Stalker  
  61  10:09  Stalker  
  64  10:14  Probe  
  55  10:24  Probe  
  55  10:26  Probe  
  54  10:36  Probe  
  54  10:38  Probe  
  54  10:42  Probe  
  57  10:50  Probe  
  56  11:02  Probe  
  44  11:13  Probe  
  42  11:25  Probe  
Tags
 
Add a new tag
Caveats
  • Supply blocks, unpowered buildings, or Contaminate may cause inaccurate times.
  • Supply counts are checked every 10 seconds.